 Dungeon Crawl Stone Soup version 0.31-a0-819-gf6de2f5ab6 (webtiles) character file.

Game seed: 1078946470351783518

77 qw the Shooter (level 4, -5/28 HPs)
             Began as a Gargoyle Hunter on Sept 23, 2023.
             Slain by a gnoll
             ... wielding a +0 halberd
              (12 damage)
             ... on level 2 of the Dungeon.
             The game lasted 00:00:28 (848 turns).

qw the Shooter (Gargoyle Hunter)                     Turns: 848, Time: 00:00:29

Health: -5/28      AC:  6    Str: 14    XL:     4   Next: 33%
Magic:  4/4        EV: 11    Int: 10    God:
Gold:   73         SH:  0    Dex: 15    Spells: 3/3 levels left

rFire   . . .        Y - +0 shortbow
rCold   . . .        (shield currently unavailable)
rNeg    + . .        c - +0 leather armour
rPois   inf          (no helmet)
rElec   +            (no cloak)
rCorr   .            (no gloves)
SInv    +            (no boots)
Will    .....        h - amulet of regeneration
Stlth   ++           g - ring of see invisible
HPRegen 1.04/turn    (no ring)
MPRegen 0.09/turn

%: no passive effects
@: no status effects
A: sickness immunity, AC +3, negative energy resistance 1, electricity
resistance, torment resistance 1, petrification resistance
a: no special abilities


You were on level 2 of the Dungeon.
You visited 1 branch of the dungeon, and saw 2 of its levels.

You collected 73 gold pieces.


Innate Abilities, Weirdness & Mutations

You are immune to sickness and miasma.
Your stone body is resilient. (AC +3)
You are immune to poison.
You resist negative energy. (rN+)
You are resistant to electric shocks. (rElec)
You are resistant to unholy torment.
You are immune to petrification.


   Skills:
 - Level 3.1 Fighting
 + Level 5.2 Ranged Weapons
 - Level 1.5 Dodging
 - Level 1.1 Stealth


You had 3 spell levels left.
You didn't know any spells.
Your spell library was empty.

Inventory:

Hand Weapons
 Y - a +0 shortbow (weapon)
Armour
 b - a +1 robe of resistance
 c - a +0 leather armour (worn)
Jewellery
 g - a ring of see invisible (left hand)
 h - an amulet of regeneration (around neck)
Potions
 a - a potion of cancellation {unknown}
 f - a potion of ambrosia {unknown}

Dungeon Overview and Level Annotations

Branches:
Dungeon (2/15)

Altars:
Ru

Shops:
D:1 [*


Message History

You shoot an arrow.
The arrow hits the gnoll but does no damage.
You shoot an arrow. The arrow barely misses the gnoll.
You shoot an arrow. The arrow hits the gnoll.
The gnoll is moderately wounded.
A gnoll comes into view. It is wielding a +0 halberd.
You shoot an arrow. The arrow barely misses the gnoll. x2
The gnoll shouts!
The gnoll hits you from afar with a +0 spear.
You shoot an arrow.
The arrow hits the gnoll but does no damage.
The gnoll is moderately wounded.
A gnoll comes into view. It is wielding a +0 flail.
The gnoll barely misses you.
Enter note:
845 |||
Found retreat position at 0,4 (floor) with 0 blocking monsters and 2 monsters attacking at destination at distance 4
Enter note:
845 ||| Stepping ~*~*~tactically~*~*~ (retreating).
A gnoll comes into view. It is wielding a +0 flail.
Enter note:
846 |||
Found retreat position at 0,2 (floor) with 0 blocking monsters and 2 monsters attacking at destination at distance 2
Enter note:
846 ||| Stepping ~*~*~tactically~*~*~ (retreating).
An adder comes into view.
The gnoll shouts!
The adder hisses angrily.
The gnoll hits you with a +0 spear.
A rat comes into view.
The gnoll hits you from afar with a +0 halberd!
Enter note:
847 |||
Found retreat position at 0,1 (floor) with 0 blocking monsters and 2 monsters attacking at destination at distance 1
847 ||| Stepping ~*~*~tactically~*~*~ (retreating).
The gnoll hits you from afar with a +0 spear.
The gnoll misses you.
An adder comes into view.
You shoot an arrow. The adder hisses angrily.
The arrow hits the gnoll!
The gnoll is severely wounded.
The gnoll hits you with a +0 halberd!
You die...

#####.##.#####.#######.#
#.......%###.........#.#
.....^...............#.#
.###.#######.........#.#
#.# #####.####### #.#
#!.# ##.# #.g### #..#
#....# #.## #@##.#
###.## #g# ..# .....##
#g# ... ......# #g# ##.#
...)...# #S# .. .......#


.Sr >......# ... .......# ... ......... You could see 4 gnolls, 2 adders and a
rat.

Vanquished Creatures
  Jessica (D:2)
  An adder (D:2)
  4 dart slugs
  4 ball pythons (D:1)
  3 bats
  4 endoplasms
  2 giant cockroaches
  A goblin (D:1)
  3 hobgoblins (D:1)
  5 kobolds
  A quokka (D:1)
  2 frilled lizards
  3 rats
34 creatures vanquished.

Notes
Turn   | Place    | Note
-------+----------+-------------------------------------------
     0 | D:1      | qw the Gargoyle Hunter began the quest for the Orb.
     0 | D:1      | Reached XP level 1. HP: 12/12 MP: 1/1
     0 | D:1      | 0 ||| qw: Version: 0.3-a-83-gcd0e7d8
     0 | D:1      | 0 ||| qw: Game counter: 1356
     0 | D:1      | 0 ||| qw: Melee chars always use a shield: true
     0 | D:1      | 0 ||| qw: God list: Okawaru
     0 | D:1      | 0 ||| qw: Allow faded altars: false
     0 | D:1      | 0 ||| qw: Do Orc after clearing Dungeon:15 true
     0 | D:1      | 0 ||| qw: Do second Lair branch before Depths: true
     0 | D:1      | 0 ||| qw: Lair rune preference: random
     0 | D:1      | 0 ||| qw: Goals: Normal
     0 | D:1      | 0 ||| PLANNING D:1-11
    15 | D:1      | 15 ||| DROPPING scroll of butterflies.
    40 | D:1      | Found Boahink's General Store.
    47 | D:1      | 47 ||| SHOPLISTING +4 ring of slaying (1092 gold, have 0).
    47 | D:1      | 47 ||| SHOPLISTING +6 ring of dexterity (504 gold, have 0).
    47 | D:1      | 47 ||| SHOPLISTING scroll of identify (28 gold, have 0).
    76 | D:1      | Found Qutamuw's Antique Weapon Boutique.
    83 | D:1      | Reached XP level 2. HP: 16/17 MP: 2/2
   325 | D:1      | Reached XP level 3. HP: 20/21 MP: 3/3
   360 | D:1      | Found Meihoih's Antique Armour Emporium.
   364 | D:1      | 364 ||| SHOPLISTING pair of boots (90 gold, have 64).
   364 | D:1      | 364 ||| SHOPLISTING pair of scorched gloves (190 gold, have
                  | 64).
   364 | D:1      | 364 ||| SHOPLISTING ring mail (80 gold, have 64).
   459 | D:1      | Reached skill level 5 in Ranged Weapons
   538 | D:1      | 538 ||| UPGRADING to amulet of regeneration.
   543 | D:1      | 543 ||| UPGRADING to ring of see invisible.
   544 | D:1      | 544 ||| READING scroll labelled XAULUE NAFFO.
   545 | D:1      | 545 ||| READING scroll labelled VATOGO XOKEWKO.
   546 | D:1      | 546 ||| READING scroll labelled DOSHIO ORUIS.
   659 | D:2      | Found a sacrificial altar of Ru.
   671 | D:2      | Noticed Jessica
   674 | D:2      | Killed Jessica
   675 | D:2      | Reached skill level 3 in Fighting
   675 | D:2      | 675 ||| FLEEEEING.
   676 | D:2      | 676 ||| FLEEEEING.
   677 | D:2      | 677 ||| FLEEEEING.
   678 | D:2      | 678 ||| FLEEEEING.
   679 | D:2      | 679 ||| FLEEEEING.
   680 | D:2      | 680 ||| FLEEEEING.
   681 | D:2      | 681 ||| FLEEEEING.
   682 | D:2      | 682 ||| FLEEEEING.
   683 | D:2      | 683 ||| FLEEEEING.
   684 | D:2      | 684 ||| FLEEEEING.
   685 | D:2      | 685 ||| STAIRDANCE
   693 | D:2      | Reached XP level 4. HP: 28/28 MP: 4/4
   845 | D:2      | 845 ||| Stepping ~*~*~tactically~*~*~ (retreating).
   846 | D:2      | 846 ||| Stepping ~*~*~tactically~*~*~ (retreating).
   847 | D:2      | 847 ||| Stepping ~*~*~tactically~*~*~ (retreating).
   847 | D:2      | HP: 6/28 [gnoll/+0 spear (3)]
   848 | D:2      | Slain by a gnoll

Levels and vault maps discovered:
D:1:      wander_arrival_fairy_ring, layout_rooms, serial_shops, shop,
          nicolae_shop_crystal, nicolae_shop_back_alley_shop,
          minmay_tetromino_o4
D:2:      layout_rooms, basic_altar, uniq_natasha, uniq_jessica

Skill      XL: |  1  2  3 |
---------------+----------+-----
Ranged Weapons | 5 |  5.2
Fighting       | 3 |  3.1
Dodging        | |  1.5
Stealth        | |  1.1

Action                     |  1- 3 |  4- 6 || total
---------------------------+-------+-------++-------
   Fire: Shortbow          |    55 |    41 ||    96
    Use: Scroll            |     3 |       ||     3
 Armour: Leather armour    |     6 |    12 ||    18
  Dodge: Dodged            |     9 |    10 ||    19

Table legend:
 A = Non-vault XP
 B = Vault XP
 C = Vault XP percentage of total XP
 D = Non-vault monster count
 E = Vault monster count
 F = Vault count percentage of total count
                 A         B        C        D         E       F
            +---------+---------+-------+---------+---------+-------
      Total |      66 |      44 |  40.0 |      29 |       5 |  14.7
            +---------+---------+-------+---------+---------+-------
        D:1 |      33 |       7 |  17.5 |      17 |       4 |  19.0
        D:2 |      33 |      37 |  52.9 |      12 |       1 |   7.7
            +---------+---------+-------+---------+---------+-------
